 Dungeon Crawl Stone Soup version 0.23.2-40-g277498a (webtiles) character file.

Game seed: 6050885194104851735

109 zhovat1 the Magician (level 4, -1/55 HPs)
             Began as a Deep Elf Earth Elementalist on Aug 15, 2019.
             Slain by Natasha (3 damage)
             ... on level 2 of the Dungeon.
             The game lasted 00:02:38 (2691 turns).

zhovat1 the Magician (Deep Elf Earth Elementalist)  Turns: 2691, Time: 00:02:39

Health: -1/55      AC: 22    Str: 10    XL:     4   Next: 59%
Magic:  12/12      EV:  2    Int: 21    God:
Gold:   55         SH:  0    Dex: 20    Spells: 10/11 levels left

rFire    . . .     SeeInvis .   e - +0 dagger
rCold    . . .     Gourm    .   (no shield)
rNeg     + + +     Faith    .   (armour currently unavailable)
rPois    +         Spirit   .   (helmet currently unavailable)
rElec    .         Reflect  .   (cloak currently unavailable)
rCorr    .         Harm     .   (gloves currently unavailable)
MR       .....     NoTele   +   (boots currently unavailable)
Stlth    ..........             (no amulet)
HPRegen  0.18/turn              (no ring)
MPRegen  0.13/turn              (no ring)

@: agile, berserking, tree-form, very quick
A: no striking features
a: no special abilities


You were on level 2 of the Dungeon.
You were not hungry.
You were a tree.
You visited 1 branch of the dungeon, and saw 2 of its levels.

You collected 55 gold pieces.

Inventory:

Hand Weapons
 e - a +0 dagger (weapon)
Missiles
 b - 44 stones (quivered)
Armour
 c - a +0 robe (melded)
 h - a +0 helmet (melded)
Scrolls
 k - a scroll of enchant weapon {unknown}
 l - a scroll of remove curse {unknown}
Potions
 a - a potion of lignification
 j - a potion of flight {unknown}
Comestibles
 d - 2 rations
 f - 2 chunks of flesh


   Skills:
 + Level 1.5 Fighting
 + Level 3.6 Dodging
 - Level 2.4 Stealth
 + Level 4.1 Spellcasting
   Level 1.1 Transmutations
 + Level 4.0 Earth Magic


You had 10 spell levels left.
You knew the following spells:

 Your Spells              Type           Power        Failure   Level  Hunger
a - Sandblast             Erth           ###...       2%          1    None

Your spell library contained the following spells:

 Spells                   Type           Power        Failure   Level  Hunger
 Passwall                 Tmut/Erth      ###.....     6%          2    #......
 Stone Arrow              Conj/Erth      ##....       16%         3    ###....
 Petrify                  Tmut/Erth      ###.....     38%         4    ####...
 Lee's Rapid Deconstruct  Erth           ###.......   52%         5    ######.


Dungeon Overview and Level Annotations

Branches:
Dungeon (2/15)

Altars:
Xom

Annotations:
D:2 Natasha


Message History

The shadow imp hits you but does no damage.
You hit Natasha.
Natasha is heavily wounded.
Natasha claws you but does no damage. The shadow imp barely misses you.
The crimson imp hits you.
* * * LOW HITPOINT WARNING * * *
It was a potion of agility.
You feel agile all of a sudden.
Natasha mumbles some strange words.
The shadow imp hits you but does no damage.
The crimson imp hits you but does no damage.
It was a potion of berserk rage.
A red film seems to cover your vision as you go berserk!
You feel yourself moving faster!
You feel mighty! Natasha barely misses you.
The crimson imp hits you but does no damage.
The shadow imp hits you but does no damage.
You barely miss Natasha.
Natasha is heavily wounded.
Natasha claws you.
You die...

######.#### #...###.####.#....
#.........# #...# #.#.........
#.#.##..#.# #...# #.#.##......
#.#.##..#.# #...# #...........
##.#.....#.# #...# ###.##......
##.#..##.#.#####...#####.##.....#
##.#..##.................##.....#
...............55........###.####
####..###......h♣5....)..###.## #
# #..# #.####.#####.####.....# #
#..# #.# #.# #.# #.##..#
####..###.####.# #.# #.##..#
.............#<# #.# #.#...# #
####.#.##.##.#.#####.# ##.#.#.###
##.#.##.##.#.......###.......##
#.......##.#.##.##.#.#.......##
##.#.##.........##..#..##......


You could see Natasha, 2 crimson imps and a shadow imp.

Vanquished Creatures
  Natasha (D:2)
  Robin (D:2)
  An ooze (D:1)
  2 worms (D:2)
  4 dart slugs
  A ball python (D:1)
  2 giant cockroaches (D:2)
  12 goblins
  3 hobgoblins
  6 jackals
  A quokka (D:2)
  9 bats
  3 kobolds
  6 rats
52 creatures vanquished.

Notes
Turn   | Place    | Note
-------+----------+-------------------------------------------
     0 | D:1      | zhovat1 the Deep Elf Earth Elementalist began the quest for
                  | the Orb.
     0 | D:1      | Reached XP level 1. HP: 10/10 MP: 6/6
   433 | D:1      | Reached XP level 2. HP: 15/16 MP: 4/8
  1123 | D:1      | Reached XP level 3. HP: 1/20 MP: 8/10
  1606 | D:1      | Reached skill level 1 in Fighting
  1770 | D:2      | Noticed Robin
  1775 | D:2      | Killed Robin
  2106 | D:2      | Reached XP level 4. HP: 24/25 MP: 5/11
  2338 | D:2      | Found a shimmering altar of Xom.
  2503 | D:2      | Noticed Natasha
  2510 | D:2      | Killed Natasha
  2674 | D:2      | Noticed Natasha
  2688 | D:2      | HP: 1/37 [crimson imp[Natasha] (1)]
  2691 | D:2      | Slain by Natasha

Skill      XL: |  1  2  3  4 |
---------------+-------------+-----
Dodging        | 3 |  3.6
Fighting       | 1 |  1.5
Spellcasting   | 4 |  4.1
Earth Magic    | 4 |  4.0
Stealth        | |  2.4
Transmutations | |  1.1

Action                   |  1- 3 |  4- 6 || total
-------------------------+-------+-------++-------
Melee: Unarmed           |     2 |       ||     2
       Dagger            |   129 |    22 ||   151
 Cast: Sandblast         |    37 |    16 ||    53
  Use: Scroll            |     1 |       ||     1
       Potion            |       |     3 ||     3
 Stab: Sleeping          |     5 |     2 ||     7
  Eat: Chunk             |     4 |     2 ||     6
Armor: Robe              |    29 |     4 ||    33
       Skin              |       |     9 ||     9
Dodge: Dodged            |   103 |    14 ||   117
